 Dungeon Crawl Stone Soup version 0.30-a0-939-gc8157cb160 (webtiles) character file.

Game seed: 7439829414247504810

254 cheesebisquit the Grave Robber (level 6, -10/50 HPs)
             Began as a Ghoul Necromancer on Mar 25, 2023.
             Mangled by an orc warrior
             ... wielding a +0 dire flail
              (19 damage)
             ... on level 4 of the Dungeon.
             The game lasted 00:13:41 (4566 turns).

cheesebisquit the Grave Robber (Ghoul Necromancer)  Turns: 4566, Time: 00:13:42

Health: -10/50     AC:  2    Str: 12    XL:     6   Next: 14%
Magic:  7/18       EV: 12    Int: 12    God:
Gold:   223        SH:  0    Dex:  9    Spells: 9/10 levels left

rFire   . . .      SeeInvis .    (no weapon)
rCold   + + .      Faith    .    (no shield)
rNeg    + + +      Spirit   .    a - +0 robe
rPois   ∞          Reflect  .    (no helmet)
rElec   .          Rampage  .    (no cloak)
rCorr   .                        (no gloves)
Will    .....                    (no boots)
Stlth   ++                       (no amulet)
HPRegen 0.00/turn                q - ring of magical power
MPRegen 0.16/turn                o - ring of protection from cold

@: very slightly contaminated, inhibited regen
A: claws 1, cold resistance 1, negative energy resistance 3, inhibited
regeneration, torment resistance 2, devour on kill
a: no special abilities


You were on level 4 of the Dungeon.
You visited 1 branch of the dungeon, and saw 4 of its levels.

You collected 223 gold pieces.

Inventory:

Missiles
 k - 11 poisoned darts
Armour
 a - a +0 robe (worn)
Jewellery
 h - a ring of resist corrosion
 o - a ring of protection from cold (right claw)
 q - a ring of magical power (left claw)
Wands
 j - a wand of iceblast (8)
Scrolls
 b - a scroll of enchant weapon {unknown}
 d - 2 scrolls of blinking {unknown}
 f - a scroll of identify {unknown}
 g - 2 scrolls of torment {unknown}
 i - 2 scrolls of fog {unknown}
 l - a scroll of immolation {unknown}
 n - a scroll of poison {unknown}
 p - a scroll of enchant armour {unknown}
Potions
 c - a potion of attraction {unknown}
 e - 3 potions of curing {unknown}
 m - a potion of resistance {unknown}


   Skills:
 + Level 2.9 Fighting
 - Level 1.7 Dodging
 - Level 2.1 Stealth
 + Level 2.9 Spellcasting
 * Level 5.9 Necromancy


You had 9 spell levels left.
You knew the following spells:

 Your Spells              Type           Power      Damage    Failure   Level
a - Necrotise             Necr           60%        1d7       2%          1

Your spell library contained the following spells:

 Spells                   Type           Power      Damage    Failure   Level
 Vampiric Draining        Necr           15%        2d7       7%          3
 Animate Dead             Necr           15%        N/A       22%         4
 Agony                    Necr           15%        N/A       52%         5


Dungeon Overview and Level Annotations

Branches:
Dungeon (4/15)
 Temple: D:4-7

Altars:
Makhleb


Innate Abilities, Weirdness & Mutations

You are immune to poison.
You have sharp fingernails.
Your flesh is cold resistant. (rC+)
You are immune to negative energy. (rN+++)
You do not regenerate when monsters are visible.
You are immune to unholy pain and torment.
You thrive by killing the living.


Message History

Press: ? - help, Q - select action, (/) - cycle Shift-Dir - straight line, f/p - orc warrior
Aim: an orc warrior, wielding a +0 dire flail and wearing a +0 chain mail (severely wounded, ally target, chance to affect: 72%)
The orc warrior struggles to resist.
The orc warrior hits you with a +0 dire flail!
An orc comes into view.
It is wielding a +1 hand axe of flaming and wearing a +2 robe of fire resistance.
Aiming: Necrotise (safe; 2% risk of failure)
Press: ? - help, Q - select action, (/) - cycle Shift-Dir - straight line, f/p - orc warrior
Aim: an orc warrior, wielding a +0 dire flail and wearing a +0 chain mail (severely wounded, ally target, chance to affect: 72%)
You miscast Necrotise.
You are very lightly contaminated with residual magic.
Nothing appears to happen.
Your orc skeleton hits the orc warrior but does no damage. x2
The orc warrior closely misses you.
Aiming: Necrotise (safe; 2% risk of failure)
Press: ? - help, Q - select action, (/) - cycle Shift-Dir - straight line, f/p - orc warrior
Aim: an orc warrior, wielding a +0 dire flail and wearing a +0 chain mail (severely wounded, ally target, chance to affect: 72%)
The orc warrior writhes in agony.
Your orc skeleton closely misses the orc warrior.
Your orc skeleton barely misses the orc warrior.
The orc warrior hits you with a +0 dire flail!
Aiming: Necrotise (safe; 2% risk of failure)
Press: ? - help, Q - select action, (/) - cycle Shift-Dir - straight line, f/p - orc warrior
Aim: an orc warrior, wielding a +0 dire flail and wearing a +0 chain mail (severely wounded, ally target, chance to affect: 72%)
The orc warrior struggles to resist.
Your orc skeleton hits the orc warrior but does no damage.
The orc hits your orc skeleton with a +1 hand axe of flaming.
The orc burns your orc skeleton.
Your orc skeleton is destroyed!
The orc warrior hits you with a +0 dire flail.
* * * LOW HITPOINT WARNING * * *
The kobold hits you with a +0 dagger.
* * * LOW HITPOINT WARNING * * *
Aiming: Necrotise (safe; 2% risk of failure)
Press: ? - help, Q - select action, (/) - cycle Shift-Dir - straight line, f - kobold, p - orc warrior
Aim: a kobold, wielding a +0 dagger and quivering stones (chance to affect: 85%)
The kobold writhes in agony.
You kill the kobold!
The dead are walking!
The orc warrior hits you with a +0 dire flail!!
You die...

#.......
##...(.. #.....#
#.).).+ #..†..#
. #.)...#
...##+###.....#
........).Z...#
.......@......#
........oZ....#
.........o...$+
..............#
####+#######....
.... (..


You could see an orc warrior (ally target), an orc, a friendly kobold skeleton
and a friendly orc skeleton.

Vanquished Creatures
  A scorpion (D:2)
  2 orc wizards
  A gnoll (D:3)
  4 adders
  3 dart slugs
  12 orcs
  8 bats
  4 endoplasms
  5 giant cockroaches
  7 goblins
  7 hobgoblins
  6 jackals
  8 kobolds
  3 quokkas
  2 ball pythons (D:3)
  6 frilled lizards
  2 rats
81 creatures vanquished.

Vanquished Creatures (collateral kills)
  A worm (D:3)
  A jackal (D:1)
  2 kobolds (D:1)
4 creatures vanquished.

Grand Total: 85 creatures vanquished

Notes
Turn   | Place    | Note
-------+----------+-------------------------------------------
     0 | D:1      | cheesebisquit the Ghoul Necromancer began the quest for the
                  | Orb.
     0 | D:1      | Reached XP level 1. HP: 14/14 MP: 2/2
    66 | D:1      | Reached XP level 2. HP: 19/22 MP: 1/3
   196 | D:1      | Found a faded altar of an unknown god.
   330 | D:1      | Reached skill level 1 in Fighting
   357 | D:1      | Reached XP level 3. HP: 10/28 MP: 0/5
  1467 | D:2      | Noticed a scorpion
  1476 | D:2      | Killed a scorpion
  1477 | D:2      | Reached skill level 5 in Necromancy
  1477 | D:2      | Reached XP level 4. HP: 16/36 MP: 2/6
  2489 | D:2      | Reached XP level 5. HP: 21/41 MP: 0/7
  3086 | D:3      | Found a burning altar of Makhleb.
  3628 | D:3      | Reached XP level 6. HP: 50/50 MP: 0/9
  4555 | D:4      | Noticed an orc warrior
  4566 | D:4      | Mangled by an orc warrior

Illustrated notes

Levels and vault maps discovered:
D:1:      amcnicky_arrival_gap_in_the_tavern_cellar, layout_loops_ring,
          chequers_ecumenical_altar_island
D:2:      layout_basic
D:3:      layout_loops_corners, amcnicky_altar_gilded,
          nicolae_tso_swordbearing_angel, amethyst_killhole, st_stairs_2
D:4:      layout_gridville, serial_shops, nicolae_shop_advertising_works
          [nicolae_subvault_shop_adworks]

Skill      XL: |  1  2  3 |
---------------+----------+-----
Spellcasting   | 2 |  2.9
Fighting       | 1 2 |  2.9
Necromancy     | 5 |  5.9
Dodging        | |  1.7
Stealth        | |  2.1

Action                     |  1- 3 |  4- 6 || total
---------------------------+-------+-------++-------
  Melee: Unarmed           |    36 |    43 ||    79
   Cast: Necrotise         |    61 |   124 ||   185
    Use: Potion            |     1 |     2 ||     3
   Stab: Distracted        |       |     2 ||     2
 Armour: Robe              |     9 |    11 ||    20
  Dodge: Dodged            |    36 |    47 ||    83

Table legend: (Time is in decaauts)
 A = Elapsed time spent in this place.
 B = Non-inter-level travel time spent in this place.
 C = Inter-level travel time spent in this place.
 D = Time resting spent in this place.
 E = Time spent auto-exploring this place.
 F = Levels seen in this place.
 G = Mean time per level.
                   A        B        C        D        E       F      G
               +--------+--------+--------+--------+--------+-----+--------+
         Total |   4567 |   4128 |    439 |    157 |   3357 |   4 | 1141.8 |
       Dungeon |   4567 |   4128 |    439 |    157 |   3357 |   4 | 1141.8 |
               +--------+--------+--------+--------+--------+-----+--------+

Top non-repeatable levels by time:
     D:3: 1724 daAuts
     D:2: 1590 daAuts
     D:1: 1209 daAuts
     D:4: 41 daAuts
